 Dungeon Crawl Stone Soup version 0.28.0 (webtiles) character file.

Game seed: 3517298375223821885

11 inmateoo the Gusty (level 2, 0/20 HPs)
             Began as a Draconian Air Elementalist on Feb 12, 2022.
             Slain by a hobgoblin (3 damage)
             ... on level 1 of the Dungeon on Feb 13, 2022.
             The game lasted 00:01:05 (107 turns).

inmateoo the Gusty (Draconian Air Elementalist)      Turns: 107, Time: 00:01:06

Health: 0/20       AC:  4    Str: 10    XL:     2   Next: 13%
Magic:  0/5        EV: 12    Int: 15    God:
Gold:   13         SH:  0    Dex: 11    Spells: 4/5 levels left

rFire   . . .      SeeInvis .   (no weapon)
rCold   . . .      Faith    .   (no shield)
rNeg    . . .      Spirit   .   (armour unavailable)
rPois   .          Reflect  .   (helmet restricted)
rElec   .          Harm     .   (no cloak)
rCorr   .          Rampage  .   (no gloves)
Will    .....                   (no boots)
Stlth   ++........              (no amulet)
HPRegen 0.06/turn               (no ring)
MPRegen 0.09/turn               (no ring)

@: brilliant
A: AC +4, unfitting armour, cold-blooded
a: no special abilities


You were on level 1 of the Dungeon.
You visited 1 branch of the dungeon, and saw 1 of its levels.

You collected 13 gold pieces.

You aren't carrying anything.


   Skills:
 + Level 2.0 Dodging
 + Level 2.0 Stealth
 + Level 2.1 Spellcasting
 + Level 1.2 Conjurations
 + Level 3.1 Air Magic


You had 4 spell levels left.
You knew the following spells:

 Your Spells              Type           Power      Damage    Failure   Level
a - Shock                 Conj/Air       48%        1d6       9%          1

Your spell library contained the following spells:

 Spells                   Type           Power      Damage    Failure   Level
 Static Discharge         Conj/Air       12%        N/A       13%         2
 Swiftness                Air            16%        N/A       19%         3
 Airstrike                Air            8%         N/A       52%         4


Dungeon Overview and Level Annotations

Branches:
Dungeon (1/15)

Altars:


Innate Abilities, Weirdness & Mutations

Your plain brown scales are hard. (AC +4)
You cannot fit into any form of body armour.
You are cold-blooded and may be slowed by cold attacks.


Message History

You barely miss the jackal. You tail-slap the jackal.
You kill the jackal!
The hobgoblin barely misses you.
Your Stealth skill increases to level 2!
You have reached level 2!
You see here a jackal corpse.
Things that are here:
a +0 club; a goblin corpse The endoplasm jiggles.
Okay, then.
You see here 17 sling bullets.
It was a potion of brilliance.
You feel clever all of a sudden.
Casting: Shock (safe; 9% risk of failure)
Confirm with . or Enter, or press ? or * to list all spells.
Aiming: Shock (safe; 9% risk of failure)
Press: ? - help, Shift-Dir - straight line, f - hobgoblin
Aim: a hobgoblin (68% to hit)
You feel a surge of power!
The zap hits the hobgoblin.
The hobgoblin is moderately wounded.
The zap hits the endoplasm.
You kill the endoplasm!
The zap misses the frilled lizard.
The hobgoblin closely misses you.
Casting: Shock (safe; 9% risk of failure)
Confirm with . or Enter, or press ? or * to list all spells.
Aiming: Shock (safe; 9% risk of failure)
Press: ? - help, Shift-Dir - straight line, f/p - hobgoblin
Aim: a hobgoblin (moderately wounded, 68% to hit)
You feel a surge of power!
The zap hits the hobgoblin.
The hobgoblin is severely wounded.
The zap hits the frilled lizard.
You kill the frilled lizard!
The hobgoblin closely misses you.
Your Dodging skill increases to level 2!
Casting: Shock (safe; 9% risk of failure)
Confirm with . or Enter, or press ? or * to list all spells.
You don't have enough magic to cast this spell.
Unknown command.
The hobgoblin hits you.
You die...

.........#.......<....≈..
########.###♣.P.....P.♣#.
#.# #≈PPP...PPP≈# #.#
#≈.P.....P.≈ #.#
#≈≈≈≈♣.♣≈≈≈≈# #.#
######.###### #.# #.. ###
#.# #.## ..# #@# #.# #g#
#.# #.# #.###.#
#.######....†#
.........###.# .##.####.#
#.# #.###.# .# #
#.....####.###.


You could see a hobgoblin.

Vanquished Creatures
  An endoplasm (D:1)
  A giant cockroach (D:1)
  A goblin (D:1)
  4 jackals (D:1)
  A bat (D:1)
  A frilled lizard (D:1)
9 creatures vanquished.

Vanquished Creatures (others)
  2 fungi (D:1)
  5 plants (D:1)
7 creatures vanquished.

Grand Total: 16 creatures vanquished

Notes
Turn   | Place    | Note
-------+----------+-------------------------------------------
     0 | D:1      | inmateoo the Draconian Air Elementalist began the quest for
                  | the Orb.
     0 | D:1      | Reached XP level 1. HP: 14/14 MP: 3/3
    91 | D:1      | Reached XP level 2. HP: 2/20 MP: 0/5
   107 | D:1      | Slain by a hobgoblin

Illustrated notes

Levels and vault maps discovered:
D:1:      ldierk_walled_garden, layout_loops_ring,
          shapermc_ecumenical_altar_mp_ritualfount, nicolae_grassy_gnolls

Skill      XL: |  1  2 |
---------------+-------+-----
Stealth        | 2 |  2.0
Dodging        | 2 |  2.0
Spellcasting   | |  2.1
Conjurations   | |  1.2
Air Magic      | |  3.1

Action                   || total
-------------------------++-------
Melee: Unarmed           ||    24
       Tailslap          ||     2
 Cast: Shock             ||     9
  Use: Potion            ||     1
Armor: Skin              ||    15
Dodge: Dodged            ||    33
